 Dungeon Crawl Stone Soup version 0.31-a0-198-g2ad674f65e (webtiles) character file.

Game seed: 14808120170772392670

634 qw the Skirmisher (level 7, -5/40 HPs)
             Began as a Deep Elf Hunter on June 25, 2023.
             Slain by a gnoll
             ... wielding a +0 halberd
             ... led by a gnoll bouda
              (10 damage)
             ... on level 4 of the Dungeon.
             The game lasted 00:01:13 (2892 turns).

qw the Skirmisher (Deep Elf Hunter)                 Turns: 2892, Time: 00:01:13

Health: -5/40      AC:  6    Str: 10    XL:     7   Next: 25%
Magic:  9/9        EV: 11    Int: 14    God:
Gold:   109        SH:  0    Dex: 18    Spells: 6/6 levels left

rFire   . . .        Y - +0 shortbow (freeze)
rCold   . . .        (shield currently unavailable)
rNeg    . . .        h - +0 ring mail
rPois   .            (no helmet)
rElec   .            (no cloak)
rCorr   .            d - +0 pair of gloves
SInv    .            (no boots)
Will    .....        (no amulet)
Stlth   +            (no ring)
HPRegen 0.26/turn    (no ring)
MPRegen 0.11/turn

%: no passive effects
@: about to teleport
A: no striking features
a: no special abilities


You were on level 4 of the Dungeon.
You visited 1 branch of the dungeon, and saw 4 of its levels.

You collected 151 gold pieces.
You spent 42 gold pieces at shops.


   Skills:
 - Level 2.0 Fighting
 + Level 10.5 Ranged Weapons
 - Level 1.6 Armour
 - Level 3.6 Dodging
 - Level 1.2 Stealth


You had 6 spell levels left.
You didn't know any spells.
Your spell library was empty.

Inventory:

Hand Weapons
 Y - a +0 shortbow of freezing (weapon)
Armour
 d - a +0 pair of gloves (worn)
 h - a +0 ring mail (worn)
Scrolls
 a - 2 scrolls of enchant weapon {unknown}
 c - 3 scrolls of identify
 e - a scroll of revelation {unknown}
Potions
 b - a potion of lignification {unknown}
 g - a potion of haste {unknown}
 i - 2 potions of mutation {unknown}

Dungeon Overview and Level Annotations

Branches:
Dungeon (4/15)
 Temple: D:4-7

Altars:
Elyvilon
Qazlal
The Shining One

Shops:
D:2 !

Annotations:
D:3 1 runed translucent door, Crazy Yiuf


Message History

c - 3 scrolls of identify (gained 1)
An ogre and a gnoll come into view.
Enter note:
Enter note: You shoot an arrow.
The arrow barely misses the ogre.
You shoot an arrow. The arrow barely misses the ogre.
You shoot an arrow. The arrow hits the ogre.
The arrow freezes the ogre.
The ogre is lightly wounded.
The gnoll shouts!
You hear a shout!
A gnoll comes into view. It is wielding a +0 spear.
You shoot an arrow. The arrow hits the ogre.
The arrow freezes the ogre.
The ogre is moderately wounded.
The ogre hits you with a +0 giant spiked club!!
Ouch! That really hurt!
You shoot an arrow. The arrow hits the ogre!
The arrow freezes the ogre.
The ogre is severely wounded.
You shoot an arrow. The arrow hits the ogre!
The arrow freezes the ogre.
You kill the ogre!
You shoot an arrow. The arrow hits the gnoll.
The arrow freezes the gnoll.
The gnoll is lightly wounded.
You shoot an arrow. The arrow hits the gnoll!
The arrow freezes the gnoll.
The gnoll is heavily wounded.
You shoot an arrow. The arrow hits the gnoll.
The arrow freezes the gnoll.
The gnoll is heavily wounded.
The gnoll closely misses you.
You shoot an arrow. The arrow hits the gnoll!
The arrow freezes the gnoll.
You kill the gnoll!
The gnoll barely misses you.
You shoot an arrow. The arrow closely misses the gnoll.
The gnoll hits you from afar with a +0 halberd.
2890 ||| READING scroll of teleportation.
As you read the scroll of teleportation, it crumbles to dust.
You feel strangely unstable. The gnoll misses you.
You shoot an arrow. The arrow closely misses the gnoll.
The gnoll hits you from afar with a +0 halberd.
You shoot an arrow. The arrow hits the gnoll.
The arrow freezes the gnoll.
The gnoll is almost dead.
The gnoll hits you from afar with a +0 halberd!
You die...

#.....................
......................
#............>......#
#................#>###
#...................#
##......#...........#
#####..#.....%.....#
#g..####........##.
##.#@## #...........
...(..)...###.......##
.###..#.#...#.......#
..................#
..#.##..#.###%......#
.............).).......
#.. ###.#..####........
## #.#...####.#.....
##?#.#...##.##...#


You could see a gnoll.

Vanquished Creatures
  Sigmund (D:3)
  An ogre (D:4)
  A phantom (D:4)
  A scorpion (D:4)
  Natasha (thrice) (D:3)
  2 iguanas (D:4)
  A gnoll (D:4)
  6 adders
  2 dart slugs
  4 ball pythons
  3 bats
  4 endoplasms
  2 giant cockroaches
  11 goblins
  5 hobgoblins
  6 jackals
  5 kobolds
  A quokka (D:2)
  A frilled lizard (D:2)
  3 rats
63 creatures vanquished.

Notes
Turn   | Place    | Note
-------+----------+-------------------------------------------
     0 | D:1      | qw the Deep Elf Hunter began the quest for the Orb.
     0 | D:1      | Reached XP level 1. HP: 12/12 MP: 3/3
     0 | D:1      | 0 ||| qw: Version: 0.3-a-22-g0ed2b0b
     0 | D:1      | 0 ||| qw: Game counter: 5448
     0 | D:1      | 0 ||| qw: Melee chars always use a shield: true
     0 | D:1      | 0 ||| qw: God list: Okawaru
     0 | D:1      | 0 ||| qw: Allow faded altars: false
     0 | D:1      | 0 ||| qw: Do Orc after clearing Dungeon:15 true
     0 | D:1      | 0 ||| qw: Do second Lair branch before Depths: true
     0 | D:1      | 0 ||| qw: Lair rune preference: random
     0 | D:1      | 0 ||| qw: Goals: Normal
     0 | D:1      | 0 ||| PLANNING D:1-11
     7 | D:1      | 7 ||| UPGRADING to +0 pair of gloves.
    12 | D:1      | 12 ||| DROPPING scroll of butterflies.
    64 | D:1      | Reached XP level 2. HP: 16/16 MP: 4/4
    74 | D:1      | Reached skill level 6 in Ranged Weapons
   697 | D:1      | 697 ||| UPGRADING to +0 ring mail.
   707 | D:1      | 707 ||| DROPPING +0 leather armour.
   708 | D:1      | 708 ||| READING scroll labelled UPPYAMIQYJ.
   709 | D:1      | 709 ||| READING scroll labelled NUOSAR WEMUEBB.
   710 | D:1      | 710 ||| READING 2 scrolls labelled POWYADDUYLL.
   714 | D:1      | 714 ||| DRINKING 2 bubbling dark potions.
   715 | D:1      | 715 ||| DRINKING 2 fuming sapphire potions.
   716 | D:1      | 716 ||| DROPPING potion of attraction.
   717 | D:1      | 717 ||| DROPPING potion of brilliance.
   805 | D:2      | Reached XP level 3. HP: 9/20 MP: 5/5
   807 | D:2      | HP: 5/20 [poisoned by an adder]
   811 | D:2      | HP: 2/20 [poisoned by an adder]
   934 | D:2      | Reached skill level 7 in Ranged Weapons
   941 | D:2      | 941 ||| FLEEEEING.
   942 | D:2      | 942 ||| FLEEEEING.
   944 | D:2      | 944 ||| FLEEEEING.
   945 | D:2      | 945 ||| FLEEEEING.
   946 | D:2      | 946 ||| FLEEEEING.
   947 | D:2      | 947 ||| FLEEEEING.
   948 | D:2      | 948 ||| FLEEEEING.
   949 | D:2      | 949 ||| FLEEEEING.
   950 | D:2      | 950 ||| FLEEEEING.
   951 | D:2      | 951 ||| FLEEEEING.
   952 | D:2      | 952 ||| FLEEEEING.
   953 | D:2      | 953 ||| FLEEEEING.
   954 | D:2      | 954 ||| FLEEEEING.
   955 | D:2      | 955 ||| FLEEEEING.
   956 | D:2      | 956 ||| FLEEEEING.
   957 | D:2      | 957 ||| FLEEEEING.
   958 | D:2      | 958 ||| FLEEEEING.
   959 | D:2      | 959 ||| FLEEEEING.
   961 | D:2      | 961 ||| FLEEEEING.
   962 | D:2      | 962 ||| FLEEEEING.
   964 | D:2      | 964 ||| FLEEEEING.
   965 | D:2      | 965 ||| FLEEEEING.
   966 | D:2      | 966 ||| FLEEEEING.
   967 | D:2      | 967 ||| FLEEEEING.
   968 | D:2      | 968 ||| FLEEEEING.
   969 | D:2      | 969 ||| STAIRDANCE
   979 | D:1      | 979 ||| READING scroll labelled SUISIDAGAPS.
   982 | D:2      | 982 ||| STAIRDANCE
  1194 | D:2      | Found Kuapriacs's Distillery.
  1211 | D:2      | 1211 ||| SHOPLISTING 2 potions of might (112 gold, have
                  | 62).
  1211 | D:2      | 1211 ||| BUYING potion of curing (42 gold).
  1211 | D:2      | Bought a potion of curing for 42 gold pieces
  1211 | D:2      | 1211 ||| SHOPLISTING potion of curing (42 gold, have 20).
  1211 | D:2      | 1211 ||| SHOPLISTING potion of enlightenment (70 gold, have
                  | 20).
  1211 | D:2      | 1211 ||| SHOPLISTING potion of heal wounds (70 gold, have
                  | 20).
  1307 | D:2      | Reached XP level 4. HP: 25/25 MP: 6/6
  1539 | D:2      | 1539 ||| READING 2 scrolls labelled CADDIQ HI DEPP.
  1667 | D:3      | Found a faded altar of an unknown god.
  1692 | D:3      | Found a glowing golden altar of the Shining One.
  1693 | D:3      | Found a white marble altar of Elyvilon.
  1735 | D:3      | 1735 ||| READING scroll labelled VAIRRU XUUT.
  1743 | D:3      | 1743 ||| FLEEEEING.
  1888 | D:3      | Noticed Sigmund
  1892 | D:3      | Killed Sigmund
  1893 | D:3      | Reached skill level 9 in Ranged Weapons
  1893 | D:3      | Reached XP level 5. HP: 29/29 MP: 7/7
  1985 | D:3      | Found a runed translucent door.
  1986 | D:3      | Noticed Crazy Yiuf
  2045 | D:3      | Noticed Natasha
  2054 | D:3      | Killed Natasha
  2055 | D:3      | Reached XP level 6. HP: 26/35 MP: 8/8
  2295 | D:3      | Noticed Natasha
  2298 | D:3      | Killed Natasha
  2453 | D:3      | Noticed Natasha
  2455 | D:3      | 2455 ||| Stepping ~*~*~tactically~*~*~ (outnumbered).
  2458 | D:3      | 2458 ||| Stepping ~*~*~tactically~*~*~ (outnumbered).
  2465 | D:3      | Killed Natasha
  2544 | D:3      | 2544 ||| READING scroll labelled VEVIDU YSMO.
  2545 | D:3      | 2545 ||| READING scroll labelled GISHRATUJAO.
  2546 | D:3      | 2546 ||| READING 2 scrolls of identify.
  2546 | D:3      | 2546 ||| IDENTIFYING lumpy clear potion
  2547 | D:3      | 2547 ||| DROPPING potion of degeneration.
  2619 | D:4      | Found a stormy altar of Qazlal.
  2653 | D:4      | Reached skill level 10 in Ranged Weapons
  2684 | D:4      | Reached skill level 3 in Dodging
  2778 | D:4      | Reached skill level 1 in Armour
  2778 | D:4      | Reached XP level 7. HP: 11/40 MP: 9/9
  2778 | D:4      | 2778 ||| DRINKING potion of curing.
  2778 | D:4      | 2778 ||| (to cure poison)
  2889 | D:4      | HP: 10/40 [gnoll/+0 halberd[a gnoll bouda] (6)]
  2890 | D:4      | 2890 ||| READING scroll of teleportation.
  2892 | D:4      | Slain by a gnoll

Levels and vault maps discovered:
D:1:      minmay_arrival_glassed_features, layout_loops_ring
D:2:      layout_loops_ring, serial_shops, nicolae_shop_industrial_runoff
D:3:      layout_rooms, gammafunk_temple_overflow_statue, serial_forest,
          infiniplex_forest_side_room, infiniplex_forest_straight_4,
          infiniplex_forest_straight_2, infiniplex_forest_end_3,
          infiniplex_forest_end_3, infiniplex_forest_lined_3,
          infiniplex_forest_clump_C, infiniplex_forest_clump_large,
          shapermc_ecumenical_altar_acropolis, uniq_sigmund, uniq_natasha,
          uniq_crazy_yiuf_cottage
D:4:      layout_rooms, grunt_qazlal_sundering, lemuel_crystal_altar, uniq_pikel

Skill      XL: |  1  2  3  4  5  6 |
---------------+-------------------+-----
Ranged Weapons | 6 7 9 10 | 10.5
Fighting       | 2 |  2.0
Dodging        | 3 |  3.6
Armour         | 1 |  1.6
Stealth        | |  1.2

Action                     |  1- 3 |  4- 6 |  7- 9 || total
---------------------------+-------+-------+-------++-------
   Fire: Shortbow          |   104 |   123 |    13 ||   240
    Use: Scroll            |     4 |     5 |     1 ||    10
         Potion            |     2 |       |     1 ||     3
 Armour: Leather armour    |     8 |       |       ||     8
         Ring mail         |     5 |    19 |       ||    24
  Dodge: Dodged            |    28 |    27 |     3 ||    58

Table legend:
 A = Non-vault XP
 B = Vault XP
 C = Vault XP percentage of total XP
 D = Non-vault monster count
 E = Vault monster count
 F = Vault count percentage of total count
                 A         B        C        D         E       F
            +---------+---------+-------+---------+---------+-------
      Total |     641 |     266 |  29.3 |      61 |       2 |   3.2
            +---------+---------+-------+---------+---------+-------
        D:1 |      38 |       0 |   0.0 |      19 |       0 |   0.0
        D:2 |      63 |       0 |   0.0 |      17 |       0 |   0.0
        D:3 |     120 |     266 |  68.9 |      15 |       2 |  11.8
        D:4 |     420 |       0 |   0.0 |      10 |       0 |   0.0
            +---------+---------+-------+---------+---------+-------
